 Dungeon Crawl Stone Soup version 0.20.1-1-g8b1a95d (webtiles) character file.

315 irongrip the Skirmisher (level 6, 0/48 HPs)
             Began as a Demonspawn Abyssal Knight on Oct 9, 2017.
             Was a Believer of Lugonu.
             Slain by Grinder (3 damage)
             ... while paralysed by Grinder
             ... on level 4 of the Dungeon.
             The game lasted 00:29:30 (3860 turns).

irongrip the Skirmisher (Demonspawn Abyssal Knight) Turns: 3860, Time: 00:29:30

Health: 0/48       AC: 12    Str: 14    XL:     6   Next: 20%
Magic:  8/8        EV:  2    Int: 14    God:    Lugonu [**....]
Gold:   170        SH:  0    Dex: 14    Spells: 5/5 levels left

rFire    + . .     SeeInvis .   t - +3 mace
rCold    + . .     Gourm    .   f - +0 shield
rNeg     . . .     Faith    .   z - +0 plate armour
rPois    .         Spirit   .   (no helmet)
rElec    .         Reflect  .   s - scarf {rC+ rF+}
rCorr    .         Harm     .   n - +0 pair of gloves
MR       .....                  (no boots)
Stlth    ..........             H - amulet of magic regeneration
Regen    0.2/turn               (no ring)
MPRegen  0.2/turn               (no ring)

@: paralysed
A: claws 1, thin skeletal structure 1
a: Depart the Abyss, Bend Space, Renounce Religion


You were on level 4 of the Dungeon.
You worshipped Lugonu.
Lugonu was pleased with you.
You were not hungry.

You visited 1 branch of the dungeon, and saw 4 of its levels.
You visited the Abyss 1 time.

You collected 170 gold pieces.

Inventory:

Hand Weapons
 a - a +1 spear
 g - a +0 dagger
 h - a +0 club
 j - a +0 whip
 l - a +0 dagger
 t - a +3 mace (weapon)
 u - a +0 hunting sling
 v - a +0 trident
 y - a +0 shortbow
 C - a +1 falchion of protection
 E - a +0 shortbow
 I - a +0 morningstar of freezing
Missiles
 A - 7 poisoned needles
 F - 21 arrows
Armour
 b - a +0 leather armour
 f - a +0 shield (worn)
 m - a +0 ring mail
 n - a +0 pair of gloves (worn)
 p - a +0 ring mail
 s - a scarf of resistance (worn)
 w - a +0 scale mail
 z - a +0 plate armour (worn)
 J - a +0 chain mail
 L - a +0 shield
Jewellery
 H - an amulet of magic regeneration (around neck)
Scrolls
 e - 4 scrolls of teleportation {unknown}
 o - a scroll of blinking {unknown}
 q - 2 scrolls of identify {unknown}
 r - a scroll of enchant armour {unknown}
 x - a scroll of recharging {unknown}
 B - a scroll of fog {unknown}
 G - a scroll of remove curse {unknown}
Potions
 i - 2 potions of haste {unknown}
 k - 3 potions of heal wounds {unknown}
 D - a potion of brilliance {unknown}
 K - a potion of curing {unknown}
Comestibles
 c - a bread ration
 d - 2 royal jellies


   Skills:
 * Level 4.0 Fighting
 * Level 2.9 Maces & Flails
 + Level 2.4 Polearms
 * Level 2.6 Armour
 - Level 1.3 Dodging
 - Level 2.2 Shields
 * Level 0.3 Spellcasting
 * Level 2.8 Invocations


You had 5 spell levels left.
You didn't know any spells.

Dungeon Overview and Level Annotations

Branches:
Dungeon (4/15)
 Temple: D:4-7

Altars:
Makhleb

Annotations:
D:4 Grinder


Innate Abilities, Weirdness & Mutations

You have sharp fingernails.
You have a somewhat thin skeletal structure. (Dex +2, Stealth)


Message History

* * * LOW HITPOINT WARNING * * *
Space bends around you!
You blink.
Grinder blinks!
Space bends around you!
You blink.
Grinder blinks!
Grinder blinks!
Grinder gestures at you. You resist with significant effort.
Space bends around you!
You blink.
Found 4 fruits.
Grinder says, "Don't move a muscle."
Grinder blinks!
Grinder gestures at you. Pain shoots through your body!
* * * LOW HITPOINT WARNING * * *
You don't have enough health at the moment.
You don't have enough health at the moment.
Grinder gestures at you.
You suddenly lose the ability to move!
Grinder blinks!
Grinder hits you.
You die...

##..........############
.....%........§.........
............######......
###...#..#### #......
#.# #§...# #...... #
#.##...# #...... #.#
##.# #...... #5# #
#...... #@# #...... #..#
........ ##.# ####....
.# ...### .. .### ...
#.. .### ... .... ####


You could see Grinder.

Vanquished Creatures
  A centaur (D:3)
  A hound (D:3)
  2 orc wizards (D:3)
  Terence (D:2)
  4 adders
  2 oozes
  2 worms (D:3)
  4 leopard geckos
  4 orcs (D:3)
  7 bats
  8 giant cockroaches
  7 hobgoblins
  5 quokkas
  7 frilled lizards
  3 goblins (D:1)
  9 kobolds
  A leopard gecko skeleton (D:4)
  3 rats
71 creatures vanquished.

Notes
Turn   | Place    | Note
-------+----------+-------------------------------------------
     0 | Abyss:1  | irongrip the Demonspawn Abyssal Knight began the quest for the Orb.
     0 | Abyss:1  | Reached XP level 1. HP: 18/18 MP: 2/2
     1 | D:1      | Escaped the Abyss
   114 | D:1      | Reached skill level 1 in Dodging
   396 | D:1      | Gained mutation: You have sharp fingernails. [demonic ancestry]
   396 | D:1      | Reached XP level 2. HP: 23/24 MP: 3/3
   652 | D:1      | Reached * piety under Lugonu
   963 | D:1      | Gained mutation: You have a somewhat thin skeletal structure. (Dex +2, Stealth) [demonic ancestry]
   963 | D:1      | Reached XP level 3. HP: 27/29 MP: 4/4
  1388 | D:2      | Noticed Terence
  1423 | D:2      | Killed Terence
  1423 | D:2      | Reached skill level 1 in Shields
  1686 | D:2      | Reached XP level 4. HP: 18/35 MP: 5/5
  1901 | D:2      | Reached skill level 1 in Maces & Flails
  2451 | D:3      | Found a burning altar of Makhleb.
  2547 | D:3      | Noticed a centaur
  2566 | D:3      | Killed a centaur
  2566 | D:3      | Reached ** piety under Lugonu
  2566 | D:3      | Reached XP level 5. HP: 12/42 MP: 6/6
  2839 | D:3      | Reached skill level 4 in Fighting
  2839 | D:3      | Reached XP level 6. HP: 37/48 MP: 7/7
  3616 | D:4      | Noticed Grinder
  3644 | D:4      | Paralysed by Grinder for 7 turns
  3830 | D:4      | Paralysed by Grinder for 5 turns
  3857 | D:4      | HP: 2/48 [Grinder/nerve-wracking pain (7)]
  3858 | D:4      | Paralysed by Grinder for 6 turns
  3860 | D:4      | Slain by Grinder

Skill      XL: |  1  2  3  4  5 |
---------------+----------------+-----
Dodging        | 1 |  1.3
Polearms       | 2 |  2.4
Armour         | 2 |  2.6
Shields        | 1 2 |  2.2
Maces & Flails | 2 |  2.9
Fighting       | 4 |  4.0
Spellcasting   | |  0.3
Invocations    | |  2.8

Action                   |  1- 3 |  4- 6 || total
-------------------------+-------+-------++-------
Melee: Spear             |   125 |       ||   125
       Mace              |    47 |   149 ||   196
       Morningstar       |       |     3 ||     3
Invok: Depart the Abyss  |     1 |       ||     1
       Bend Space        |       |     8 ||     8
  Eat: Bread ration      |     1 |     1 ||     2
       Royal jelly       |       |     1 ||     1
       Chunk             |       |     2 ||     2
Armor: Leather armour    |    39 |       ||    39
       Ring mail         |    30 |       ||    30
       Scale mail        |    10 |     4 ||    14
       Plate armour      |       |   140 ||   140
Dodge: Dodged            |    83 |     7 ||    90
Block: Shield            |    65 |    73 ||   138
